 Dungeon Crawl Stone Soup version 0.28-a0-823-gb444dcf96d (webtiles) character file.

Game seed: 3239637763915709799

168 Impy the Skirmisher (level 5, -1/46 HPs)
             Began as a Ghoul Monk on Nov 9, 2021.
             Slain by a gnoll (3 damage)
             ... on level 3 of the Dungeon.
             The game lasted 00:07:21 (2737 turns).

Impy the Skirmisher (Ghoul Monk)                    Turns: 2737, Time: 00:07:22

Health: -1/46      AC:  3    Str: 15    XL:     5   Next: 49%
Magic:  4/4        EV:  6    Int:  6    God:
Gold:   81         SH:  0    Dex: 11    Spells: 4/4 levels left

rFire   . . .      SeeInvis .     - Unarmed
rCold   + . .      Faith    .   f - +0 buckler
rNeg    + + +      Spirit   .   a - +0 robe
rPois   ∞          Reflect  .   b - +0 helmet
rElec   .          Harm     .   (no cloak)
rCorr   .          Rampage  .   (no gloves)
Will    .....                   (no boots)
Stlth   ++........              d - amulet of magic regeneration
HPRegen 0.00/turn               (no ring)
MPRegen 0.34/turn               (no ring)

@: held, inhibited regen
A: claws 1, cold resistance 1, negative energy resistance 3, inhibited
regeneration, torment resistance 2
a: no special abilities


You were on level 3 of the Dungeon.
You visited 1 branch of the dungeon, and saw 3 of its levels.

You collected 81 gold pieces.

Inventory:

Armour
 a - a +0 robe (worn)
 b - a +0 helmet (worn)
 f - a +0 buckler (worn)
Jewellery
 d - an amulet of magic regeneration (around neck)
Scrolls
 c - 4 scrolls of identify
Potions
 e - a potion of attraction


   Skills:
 - Level 4.2 Fighting
 - Level 3.4 Dodging
 - Level 2.1 Stealth
 * Level 2.5 Shields
 - Level 4.1 Unarmed Combat


You had 4 spell levels left.
You didn't know any spells.
Your spell library was empty.

Dungeon Overview and Level Annotations

Branches:
Dungeon (3/15)

Altars:


Innate Abilities, Weirdness & Mutations

You thrive by killing the living.
You are immune to poison.
You have sharp fingernails.
Your flesh is cold resistant. (rC+)
You are immune to negative energy. (rN+++)
You do not regenerate when monsters are visible.
You are immune to unholy pain and torment.


Message History

You scratch the gnoll.
The gnoll is heavily wounded.
The gnoll hits you from afar with a +0 spear.
The gnoll hits you with a +0 spear.
You scratch the gnoll but do no damage.
The gnoll is heavily wounded.
The gnoll closely misses you.
You barely miss the gnoll.
The gnoll is heavily wounded.
The gnoll barely misses you. You block the gnoll's attack.
You scratch the gnoll but do no damage.
The gnoll is heavily wounded.
The gnoll hits you but does no damage. x2
You barely miss the gnoll.
The gnoll is heavily wounded.
The gnoll hits you with a +0 spear. The gnoll barely misses you.
You scratch the gnoll.
You kill the gnoll!
You feel better. You block the gnoll's attack.
The gnoll hits you with a +0 spear.
You see here a +0 spear.
You scratch the gnoll.
The gnoll is moderately wounded.
The gnoll hits you with a +0 spear.
You claw the gnoll!
You kill the gnoll!
You closely miss the gnoll. The gnoll hits you with a +0 flail!
* * * LOW HITPOINT WARNING * * *
The gnoll throws a throwing net.
The throwing net hits you.
You become entangled in the net!
You see here a throwing net.
Okay, then.
Okay, then.
You struggle against the net.
The gnoll hits you with a +0 flail.
* * * LOW HITPOINT WARNING * * *
You struggle against the net.
The gnoll barely misses you.
You struggle against the net.
The gnoll hits you with a +0 flail.
* * * LOW HITPOINT WARNING * * *
You struggle against the net.
The gnoll hits you with a +0 flail.
You die...

#........##............
#..(...#.##.#.##<......
#......#.##.#.########.
######......#.# #.
#.......<....#.# #.
#.#####.#.##.#.# #.
####.#.##.#.# ##.
#...........# #..
#.##@####.#########.#
..#.##g####).......##.#
........))....#.........
$..##########.#.###.#..#
#.#.....#...
#.#..#......
#.#..##.#.##
#.........##
####.#######


You could see a gnoll.

Vanquished Creatures
  An orc priest (D:3)
  5 adders
  3 gnolls (D:3)
  An ufetubus (D:2)
  A worm (D:2)
  A dart slug (D:2)
  5 orcs (D:3)
  6 endoplasms
  A giant cockroach (D:1)
  3 goblins
  8 hobgoblins
  A quokka (D:3)
  2 ball pythons (D:3)
  6 bats
  4 frilled lizards
  4 kobolds
  4 rats
56 creatures vanquished.

Notes
Turn   | Place    | Note
-------+----------+-------------------------------------------
     0 | D:1      | Impy the Ghoul Monk began the quest for the Orb.
     0 | D:1      | Reached XP level 1. HP: 19/19 MP: 0/0
   132 | D:1      | Reached XP level 2. HP: 26/26 MP: 1/1
   474 | D:1      | You fall into a shaft and drop 1 floor!
   492 | D:2      | Reached XP level 3. HP: 28/33 MP: 2/2
  1101 | D:2      | Reached XP level 4. HP: 40/40 MP: 3/3
  2095 | D:3      | Reached skill level 1 in Shields
  2095 | D:3      | Reached XP level 5. HP: 35/46 MP: 4/4
  2736 | D:3      | HP: 2/46 [gnoll (3)]
  2737 | D:3      | Slain by a gnoll

Illustrated notes

Levels and vault maps discovered:
D:1:      lemuel_arrival_rhombus, layout_rooms, st_stairs_1,
          minmay_misc_feat_rugged
D:2:      layout_loops_ring
D:3:      layout_loops_cross, shapermc_ecumenical_altar_notcrosses

Skill      XL: |  1  2  3  4  5 |
---------------+----------------+-----
Dodging        | 3 |  3.4
Fighting       | 4 |  4.2
Unarmed Combat | 4 |  4.1
Shields        | 1 2 |  2.5
Stealth        | |  2.1

Action                   |  1- 3 |  4- 6 || total
-------------------------+-------+-------++-------
Melee: Unarmed           |   103 |   119 ||   222
       Punch             |     2 |       ||     2
Throw: Throwing net      |       |     1 ||     1
  Use: Scroll            |     2 |     3 ||     5
       Potion            |     2 |     3 ||     5
 Stab: Sleeping          |     3 |     5 ||     8
       Held in net/web   |       |     1 ||     1
Armor: Robe              |    19 |    21 ||    40
Dodge: Dodged            |    55 |    55 ||   110
Block: Buckler           |       |    18 ||    18

Table legend: (Time is in decaauts)
 A = Elapsed time spent in this place.
 B = Non-inter-level travel time spent in this place.
 C = Inter-level travel time spent in this place.
 D = Time resting spent in this place.
 E = Time spent auto-exploring this place.
 F = Levels seen in this place.
 G = Mean time per level.
                   A        B        C        D        E       F      G
               +--------+--------+--------+--------+--------+-----+--------+
         Total |   2729 |   2627 |    102 |      0 |   2050 |   3 |  909.7 |
       Dungeon |   2729 |   2627 |    102 |      0 |   2050 |   3 |  909.7 |
               +--------+--------+--------+--------+--------+-----+--------+

Top non-repeatable levels by time:
     D:2: 1314 daAuts
     D:3: 775 daAuts
     D:1: 639 daAuts
